 Dungeon Crawl Stone Soup version 0.29-a0-477-g62b78b4225 (webtiles) character file.

Game seed: 12198025110783354149

5086 Infinimo the Basher (level 10, 0/115 HPs)
             Began as an Ogre Gladiator on May 25, 2022.
             Was an Initiate of Gozag.
             Slain by a raiju (7 damage)
             ... on level 1 of the Abyss.
             The game lasted 00:12:07 (12724 turns).

Infinimo the Basher (Ogre Gladiator)               Turns: 12724, Time: 00:12:07

Health: 0/115      AC:  9    Str: 32    XL:     10   Next: 57%
Magic:  10/10      EV: 10    Int: 13    God:    Gozag
Gold:   303        SH:  0    Dex: 10    Spells: 9/9 levels left

rFire   . . .      SeeInvis .   x - +3 dire flail
rCold   . . .      Faith    .   (shield currently unavailable)
rNeg    . . .      Spirit   .   w - +0 troll leather armour
rPois   +          Reflect  .   c - +1 hat
rElec   .          Harm     .   A - +2 cloak {rPois}
rCorr   .          Rampage  .   (gloves unavailable)
Will    +....                   (boots unavailable)
Stlth   +.........              (no amulet)
HPRegen 1.09/turn               l - +6 ring of strength
MPRegen 0.12/turn               h - +6 ring of strength

@: no status effects
A: large, unfitting armour, tough skin 1
a: Renounce Religion, Potion Petition, Call Merchant, Bribe Branch


You were on level 1 of the Abyss.
You worshipped Gozag.
Gozag was aware of your devotion.
You visited 2 branches of the dungeon, and saw 10 of its levels.
You visited the Abyss 1 time.

You collected 673 gold pieces.
You spent 277 gold pieces at shops.
You paid 93 gold pieces to Gozag.

Inventory:

Hand Weapons
 n - a +1 flail of venom
 u - a +5 morningstar
 x - a +3 dire flail (weapon)
Missiles
 d - 3 throwing nets (quivered)
 e - a large rock
Armour
 c - a +1 hat (worn)
 w - a +0 troll leather armour (worn)
 A - a +2 cloak of poison resistance (worn)
Jewellery
 g - a ring of ice
 h - a +6 ring of strength (right hand)
 l - a +6 ring of strength (left hand)
 m - a +6 ring of strength
 q - a ring of willpower
 B - an amulet of regeneration
Wands
 f - a wand of mindburst (1)
 t - a wand of charming (13)
 z - a wand of digging (7)
Scrolls
 a - 4 scrolls of identify
 b - 6 scrolls of teleportation
 i - a scroll of fear
 j - a scroll of fog
 y - a scroll of blinking
Potions
 k - a potion of flight
 o - 2 potions of degeneration
 p - 4 potions of curing
 r - a potion of attraction
 s - 3 potions of ambrosia
 v - 2 potions of mutation


   Skills:
 + Level 11.8 Fighting
 * Level 11.8 Maces & Flails
 - Level 2.0 Throwing
 - Level 2.7 Dodging


You had 9 spell levels left.
You didn't know any spells.
Your spell library contained the following spells:

 Spells                   Type           Power      Damage    Failure   Level
 Foxfire                  Conj/Fire      0%         2x1d4     34%         1
 Necrotize                Necr           0%         1d4       34%         1
 Poisonous Vapours        Pois/Air       0%         N/A       45%         2
 Static Discharge         Conj/Air       0%         N/A       45%         2
 Conjure Flame            Conj/Fire      0%         6-21      71%         3
 Dazzling Flash           Conj/Hex       0%         N/A       71%         3
 Inner Flame              Hex/Fire       0%         N/A       71%         3
 Swiftness                Air            0%         N/A       71%         3
 Vampiric Draining        Necr           0%         2d6       71%         3
 Cause Fear               Hex            0%         N/A       98%         4
 Flame Wave               Conj/Fire      0%         2d4       98%         4
 Hailstorm                Conj/Ice       0%         3d3       98%         4
 Ice Form                 Ice/Tmut       0%         N/A       98%         4
 Olgreb's Toxic Radiance  Pois           0%         N/A       98%         4
 Agony                    Necr           0%         N/A       100%        5
 Fireball                 Conj/Fire      0%         3d3       100%        5
 Iskenderun's Battlesphe  Conj           0%         2d6       100%        5
 Lightning Bolt           Conj/Air       0%         1d11      100%        5
 Silence                  Hex/Air        0%         N/A       100%        5
 Conjure Ball Lightning   Conj/Air       0%         3x3d6     100%        6
 Dragon Form              Tmut           0%         N/A       100%        7
 Orb of Destruction       Conj           0%         9d5       100%        7
 Ozocubu's Refrigeration  Ice            0%         4d5       100%        7
 Ignition                 Fire           0%         3d3       100%        8
 Maxwell's Capacitive Co  Air            0%         ∞         100%        8
 Death's Door             Necr           0%         N/A       100%        9
 Dragon's Call            Summ           0%         N/A       100%        9
 Simulacrum               Ice/Necr       Unusable   N/A       N/A         6

Dungeon Overview and Level Annotations

Branches:
Dungeon (9/15)             Temple (1/1) D:7            Lair (0/6) D:8
    Orc: D:9-12

Altars:
Ashenzari
Cheibriados
Dithmenos
Elyvilon
Fedhas
Gozag
Hepliaklqana
Kikubaaqudgha
Makhleb
Nemelex Xobeh
Ru
Sif Muna
Trog
Uskayaw
Vehumet
Wu Jian
Yredelemnul
Zin
The Shining One

Shops:
D:3 =   D:8 [

Annotations:
D:3 Sigmund
D:6 1 runed translucent door, Morbidden's ghost, novice TrTm
D:9 Erolcha


Innate Abilities, Weirdness & Mutations

You are too large for most types of armour.
You have tough skin. (AC +1)


Message History

The living lightning hits you!
The raiju blinks!
You thump the raiju!
The raiju is moderately wounded.
The raiju bursts into living lightning!
The living lightning hits you!!
The raiju blinks!
The raiju is moderately wounded.
The raiju is moderately wounded.
You impale the raiju!!
You kill the raiju!
That felt strangely unrewarding.
The raiju bursts into living lightning!
The living lightning hits you!
The raiju blinks!
The raiju is lightly wounded.
You bludgeon the raiju!!
The raiju is severely wounded.
The raiju attacks as you move away!
The raiju bursts into living lightning!
The living lightning misses the raiju.
The living lightning hits you!
The raiju blinks!
The raiju attacks as you move away! The raiju bites you. The raiju shocks you!
The raiju bursts into living lightning!
The living lightning hits the raiju.
The raiju completely resists.
The living lightning hits you!
* * * LOW HITPOINT WARNING * * *
The raiju blinks!
The raiju attacks as you move away! The raiju bites you!
* * * LOW HITPOINT WARNING * * *
The raiju shocks you!
* * * LOW HITPOINT WARNING * * *
The raiju bursts into living lightning!
The raiju blinks!
The raiju bursts into living lightning!
The living lightning hits you!
* * * LOW HITPOINT WARNING * * *
The raiju blinks!
You feel better. The raiju bites you.
* * * LOW HITPOINT WARNING * * *
The raiju shocks you!
You die...
Your body crumbles into a pile of gold.

#.##..##.
.# #....#
...
#.....#
#.#.###
#.#.#.#
#.#...####
#...§§...#
#§h##†##.#
#.@##.##.#
#h.h_.#..#
##.##.# .#
.....##.#
# #.#### #
#.# # #
#.. .# ##.
..# #.


You could see 3 raiju.

Vanquished Creatures
  2 trolls
  A raiju (Abyss:1)
  Prince Ribbit (D:6)
  A shadow (D:6)
  6 yaks (D:8)
  Menkaure (D:7)
  2 water moccasins (D:8)
  4 orc warriors
  2 black bears
  A sky beast (D:7)
  An ogre (D:4)
  2 centaurs (D:7)
  A phantom (D:5)
  6 bullfrogs
  A necrophage (D:5)
  4 scorpions
  A gnoll sergeant (D:8)
  9 wights (D:7)
  A howler monkey (D:4)
  2 hounds
  9 orc priests
  5 iguanas
  8 orc wizards
  7 gnolls
  7 adders
  A shadow imp (D:7)
  2 white imps
  2 ufetubi
  A worm (D:2)
  4 dart slugs
  33 orcs
  8 ball pythons
  5 endoplasms
  2 giant cockroaches
  5 goblins
  6 hobgoblins
  3 jackals (D:3)
  2 quokkas
  3 bats (D:2)
  4 frilled lizards
  7 kobolds
  2 rats
175 creatures vanquished.

Notes
Turn   | Place    | Note
-------+----------+-------------------------------------------
     0 | D:1      | Infinimo the Ogre Gladiator began the quest for the Orb.
     0 | D:1      | Reached XP level 1. HP: 22/22 MP: 1/1
   116 | D:1      | Got the Grimoire of Gliding Necromancy
   598 | D:1      | Reached XP level 2. HP: 27/31 MP: 2/2
  1369 | D:1      | Found a faded altar of an unknown god.
  1486 | D:2      | Identified the +4 mace of Bankruptcy {protect, Int+6}
  1572 | D:2      | Reached XP level 3. HP: 15/37 MP: 3/3
  2321 | D:2      | Reached XP level 4. HP: 13/48 MP: 4/4
  2727 | D:3      | Noticed Sigmund
  2829 | D:3      | Found Cugell's One-of-a-Kind Rings.
  3003 | D:3      | Reached XP level 5. HP: 51/54 MP: 5/5
  4271 | D:4      | Noticed a lemure
  4271 | D:4      | Noticed a lemure
  4333 | D:4      | Noticed a black bear
  4468 | D:4      | Reached skill level 5 in Fighting
  4468 | D:4      | Reached skill level 5 in Maces & Flails
  4468 | D:4      | Reached XP level 6. HP: 16/66 MP: 6/6
  5505 | D:4      | Killed a black bear
  5506 | D:4      | Reached XP level 7. HP: 49/75 MP: 7/7
  6115 | D:5      | Entered Level 5 of the Dungeon
  7397 | D:5      | Reached XP level 8. HP: 61/80 MP: 8/8
  7772 | D:6      | Noticed Prince Ribbit
  7779 | D:6      | Killed Prince Ribbit
  8050 | D:6      | Found a runed translucent door.
  8050 | D:6      | Noticed Morbidden's ghost (novice TrTm)
  8076 | D:6      | Noticed a troll
  8088 | D:6      | Killed a troll
  8591 | D:6      | Found a sacrificial altar of Ru.
  8798 | D:6      | Noticed a shadow
  9038 | D:6      | Reached XP level 9. HP: 92/97 MP: 9/9
 10259 | D:7      | Noticed Menkaure
 10854 | D:7      | Reached skill level 10 in Fighting
 10854 | D:7      | Reached skill level 10 in Maces & Flails
 10889 | D:7      | Killed Menkaure
 10937 | D:7      | Found a staircase to the Ecumenical Temple.
 11005 | Temple   | Entered the Ecumenical Temple
 11155 | Temple   | Became a worshipper of Gozag Ym Sagoz the Greedy
 11543 | D:8      | Found a staircase to the Lair.
 11680 | D:8      | Reached XP level 10. HP: 94/111 MP: 10/10
 11958 | D:8      | Found a shadowy altar of Dithmenos.
 11978 | D:8      | Found Qacav's Armour Shoppe.
 12042 | D:8      | Bought a +2 cloak of poison resistance for 277 gold pieces
 12520 | D:8      | Found a broken altar of Ashenzari.
 12520 | D:8      | Found an ornate altar of the Wu Jian Council.
 12528 | D:8      | Found a burning altar of Makhleb.
 12530 | D:8      | Found a faded altar of an unknown god.
 12532 | D:8      | Found an ancient bone altar of Kikubaaqudgha.
 12630 | D:9      | Noticed Erolcha
 12656 | D:9      | Cast into level 1 of the Abyss (Erolcha)
 12674 | Abyss:1  | Found a corrupted altar of Lugonu.
 12723 | Abyss:1  | HP: 1/115 [raiju/living lightning (13)]
 12724 | Abyss:1  | Slain by a raiju

Illustrated notes

Levels and vault maps discovered:
D:1:      nicolae_arrival_somewhat_less_tricky_arrival, layout_loops_corners,
          shapermc_ecumenical_altar_mp_urbaneastern
D:2:      layout_basic
D:3:      layout_rooms, chequers_serial_rivers_room_b,
          nicolae_shop_unique_rings, uniq_sigmund
D:4:      layout_loops_corners, uniq_pikel
D:5:      layout_loops_corners
D:6:      layout_basic, mainiacjoe_overflow_brackets,
          ebering_ghost_reflecting_pool, uniq_prince_ribbit1
D:7:      layout_loops_ring, minmay_temple_entry_waves, uniq_menkaure
D:8:      layout_loops_ring, chequers_temple_overflow_minitemple,
          nicolae_dithmenos_the_darkroom, dpeg_oklobed_lair,
          nicolae_stop_n_shop_2
D:9:      layout_cave_pods, mainiacjoe_overflow_tiny_flanked,
          small_statue_intersection, uniq_erolcha, uniq_maggie
Temple:   dshaligram_water_room_temple
Abyss:1:  base:
D:5

Skill      XL: |  1  2  3  4  5  6  7  8  9 10 |
---------------+-------------------------------+-----
Fighting       | 3 4 5 6 7 8 10 11 | 11.8
Maces & Flails | 3 4 5 6 7 8 10 11 | 11.8
Throwing       | |  2.0
Dodging        | |  2.7

Action                   |  1- 3 |  4- 6 |  7- 9 | 10-12 || total
-------------------------+-------+-------+-------+-------++-------
Melee: Flail             |   124 |       |   155 |       ||   279
       Punch             |     2 |       |     3 |       ||     5
       Morningstar       |       |   154 |    48 |       ||   202
       Dire flail        |       |       |    46 |   108 ||   154
  Use: Potion            |     1 |     2 |       |     1 ||     4
       Scroll            |       |    10 |     6 |     1 ||    17
 Stab: Sleeping          |       |     1 |       |       ||     1
       Distracted        |       |       |       |     2 ||     2
Armor: Robe              |    34 |    44 |    43 |       ||   121
       Skin              |     5 |       |       |       ||     5
       Troll leather arm |       |       |    14 |    21 ||    35
Dodge: Dodged            |    66 |    81 |   122 |    41 ||   310

Table legend: (Time is in decaauts)
 A = Elapsed time spent in this place.
 B = Non-inter-level travel time spent in this place.
 C = Inter-level travel time spent in this place.
 D = Time resting spent in this place.
 E = Time spent auto-exploring this place.
 F = Levels seen in this place.
 G = Mean time per level.
                   A        B        C        D        E       F      G
               +--------+--------+--------+--------+--------+-----+--------+
         Total |  12770 |  12168 |    602 |   1820 |   8731 |  11 | 1160.9 |
       Dungeon |  12541 |  11953 |    588 |   1815 |   8596 |   9 | 1393.4 |
        Temple |    163 |    150 |     13 |      0 |    100 |   1 |  163.0 |
         Abyss |     65 |     65 |      0 |      5 |     35 |   1 |   65.0 |
               +--------+--------+--------+--------+--------+-----+--------+

Top non-repeatable levels by time:
     D:6: 2364 daAuts
     D:2: 1966 daAuts
     D:5: 1961 daAuts
     D:4: 1946 daAuts
     D:1: 1400 daAuts
     D:8: 1098 daAuts
     D:7: 887 daAuts
     D:3: 881 daAuts
  Temple: 163 daAuts
 Abyss:1: 65 daAuts
     D:9: 33 daAuts
